 Dungeon Crawl Stone Soup version 0.31-a0-523-g071a6c1ffa (webtiles) character file.

Game seed: 13397204237241314922

88 LeprechaunX the Ruffian (level 4, -1/29 HPs)
             Began as an Octopode Shapeshifter on Aug 12, 2023.
             Slain by a worm (10 damage)
             ... on level 2 of the Dungeon.
             The game lasted 00:01:15 (1253 turns).

LeprechaunX the Ruffian (Octopode Shapeshifter)     Turns: 1253, Time: 00:01:16

Health: -1/29      AC:  1    Str: 16    XL:     4   Next: 53%
Magic:  4/4        EV: 13    Int: 10    God:
Gold:   66         SH:  0    Dex: 12    Spells: 3/3 levels left

rFire   . .          .
                       - Unarmed
rCold   . . .        (no shield)
rNeg    . . .        (helmet currently unavailable)
rPois   .            (no amulet)
rElec   .            (no ring)
rCorr   .            (no ring)
SInv    .            (no ring)
Will    .....        (no ring)
Stlth   ++           (no ring)
HPRegen 0.24/turn    (no ring)
MPRegen 0.09/turn    (no ring)
                     (no ring)

%: no passive effects
@: beast-form
A: beast (slay +2), almost no armour, amphibious, 8 rings, camouflage 1,
gelatinous body 1, (nimble swimmer 1), tentacles
a: Begin Untransformation


You were on level 2 of the Dungeon.
You were a hulking beast.
You visited 1 branch of the dungeon, and saw 2 of its levels.

You collected 66 gold pieces.

Inventory:

Talismans
 b - a beast talisman (active)
 c - a flux talisman
Scrolls
 d - 2 scrolls of identify {unknown}
 e - a scroll of enchant armour {unknown}
 g - a scroll of poison {unknown}
 j - 2 scrolls of fog {unknown}
 k - a scroll of teleportation {unknown}
 l - a scroll of blinking {unknown}
Potions
 a - 2 potions of lignification
 f - a potion of curing {unknown}
 h - 2 potions of heal wounds {unknown}
 i - 2 potions of haste {unknown}
 m - a potion of mutation {unknown}


   Skills:
 + Level 2.1 Fighting
 + Level 2.8 Dodging
 + Level 3.6 Unarmed Combat
 + Level 3.4 Shapeshifting


You had 3 spell levels left.
You didn't know any spells.
Your spell library contained the following spells:

 Spells                   Type           Power      Damage    Failure   Level
 Alistair's Intoxication  Tmut/Pois      0%         N/A       100%        5
 Borgnjor's Vile Clutch   Necr/Erth      0%         N/A       100%        5
 Eringya's Noxious Bog    Tmut/Pois      0%         4d6       100%        6


Dungeon Overview and Level Annotations

Branches:
Dungeon (2/15)

Altars:


Innate Abilities, Weirdness & Mutations

You are a hulking beast.
Your limbs bulge with bestial killing power. (Slay +2)
You cannot wear most types of armour.
You are amphibious.
You can wear up to eight rings at the same time.
Your skin changes colour to match your surroundings (Stealth+).
Your rubbery body absorbs attacks. (AC +1, EV +1)
((You are camouflaged when in or above water. (Stealth+)))
You have tentacles for arms and can constrict up to eight enemies at once.


Message History

The kobold is moderately wounded.
The kobold hits you with a +0 club. The rat bites you.
You are too injured to fight recklessly!
You are too injured to fight recklessly!
You are too injured to fight recklessly!
You are too injured to fight recklessly!
You are too injured to fight recklessly!
You are too injured to fight recklessly!
You are too injured to fight recklessly!
You are too injured to fight recklessly!
You are too injured to fight recklessly!
You are too injured to fight recklessly!
You are too injured to fight recklessly!
You are too injured to fight recklessly!
You are too injured to fight recklessly!
You are too injured to fight recklessly!
You are too injured to fight recklessly!
You are too injured to fight recklessly!
You are too injured to fight recklessly!
Unknown command.
You tentacle-slap the rat. Your grab misses the rat.
Your squeeze misses the rat.
The rat is moderately wounded.
The kobold closely misses you. The rat bites you.
Unknown command.
You bludgeon the rat!
You kill the rat!
The kobold closely misses you.
Unknown command.
The kobold attacks as you move away! The kobold hits you with a +0 club.
* * * LOW HITPOINT WARNING * * *
You see here a rat corpse.
You tentacle-slap the worm. Your grab misses the worm.
The worm is moderately wounded.
The kobold barely misses you.
Unknown command.
You barely miss the worm. You grab the worm.
The worm is moderately wounded.
You constrict the worm. The kobold barely misses you. The worm bites you!
You die...

#.# #######.#
####.# #.# .....#
#######.########
######
###..............#
.
.....###..##.##.#
...#.#.......#
.............#
..#.#.K#>...#
$.....)wh....#
..##............
#.........##.
#.......### #
#.......#
#.....?.#
#.......#
#.......#


You could see a worm and a kobold.

Vanquished Creatures
  2 adders (D:2)
  3 gnolls
  A dart slug (D:1)
  2 ball pythons
  3 bats
  6 endoplasms
  A giant cockroach (D:1)
  3 goblins (D:1)
  5 hobgoblins
  2 jackals (D:1)
  4 kobolds
  2 frilled lizards (D:2)
  5 rats
39 creatures vanquished.

Notes
Turn   | Place    | Note
-------+----------+-------------------------------------------
     0 | D:1      | LeprechaunX the Octopode Shapeshifter began the quest for
                  | the Orb.
     0 | D:1      | Reached XP level 1. HP: 13/13 MP: 1/1
   268 | D:1      | Reached XP level 2. HP: 16/18 MP: 2/2
   486 | D:1      | Reached XP level 3. HP: 23/23 MP: 3/3
   829 | D:2      | Reached XP level 4. HP: 15/29 MP: 4/4
  1253 | D:2      | Slain by a worm

Illustrated notes

Levels and vault maps discovered:
D:1:      nzn_arrival_crosshair, layout_loops_ring, minmay_misc_feat_tower
D:2:      layout_loops_cross, serial_shops, nicolae_shop_crystal

Skill      XL: |  1  2  3 |
---------------+----------+-----
Fighting       | 2 |  2.1
Dodging        | |  2.8
Unarmed Combat | |  3.6
Shapeshifting  | |  3.4

Action                     |  1- 3 |  4- 6 || total
---------------------------+-------+-------++-------
  Melee: Unarmed           |    40 |    30 ||    70
         Tentacles         |    10 |     3 ||    13
         Constrict         |    11 |     5 ||    16
         Punch             |     2 |       ||     2
   Stab: Sleeping          |     8 |     5 ||    13
 Armour: Skin              |       |     3 ||     3
  Dodge: Dodged            |    23 |    24 ||    47

Table legend: (Time is in decaauts)
 A = Elapsed time spent in this place.
 B = Non-inter-level travel time spent in this place.
 C = Inter-level travel time spent in this place.
 D = Time resting spent in this place.
 E = Time spent auto-exploring this place.
 F = Levels seen in this place.
 G = Mean time per level.
                   A        B        C        D        E       F      G
               +--------+--------+--------+--------+--------+-----+--------+
         Total |   1249 |   1221 |     28 |     44 |    983 |   2 |  624.5 |
       Dungeon |   1249 |   1221 |     28 |     44 |    983 |   2 |  624.5 |
               +--------+--------+--------+--------+--------+-----+--------+

Top non-repeatable levels by time:
     D:1: 819 daAuts
     D:2: 430 daAuts
